 Seeded DCSS version 0.30-a0-347-gf58ed5266c (webtiles) character file.

Game seed: 14622413470992593902 (custom seed)

61 purpskrrrp the Grasshopper (level 4, -6/38 HPs)
             Began as a Gnoll Warper on Nov 6, 2022.
             Mangled by an orc
             ... wielding a +0 flail
              (9 damage)
             ... on level 3 of the Dungeon.
             The game lasted 00:05:00 (2021 turns).

purpskrrrp the Grasshopper (Gnoll Warper)           Turns: 2021, Time: 00:05:01

Health: -6/38      AC:  2    Str: 12    XL:     4   Next: 7%
Magic:  11/11      EV: 13    Int: 12    God:
Gold:   85         SH:  0    Dex: 12    Spells: 11/13 levels left

rFire   . . .      SeeInvis .    a - +0 hand axe
rCold   . . .      Faith    .    (no shield)
rNeg    . . .      Spirit   .    (no body armour)
rPois   .          Reflect  .    i - +1 hat
rElec   .          Harm     .    (no cloak)
rCorr   .          Rampage  .    (no gloves)
Will    .....                    k - +0 pair of boots
Stlth   ++........               (no amulet)
HPRegen 0.26/turn                (no ring)
MPRegen 0.12/turn                (no ring)

@: no status effects
A: fangs 1, strong nose, distributed training
a: no special abilities


You were on level 3 of the Dungeon.
You visited 1 branch of the dungeon, and saw 3 of its levels.

You collected 85 gold pieces.

Inventory:

Hand Weapons
 a - a +0 hand axe (weapon)
 o - a +3 dagger of venom
Missiles
 d - 6 boomerangs of dispersal
 p - 10 poisoned darts
Armour
 b - a +0 leather armour
 i - a +1 hat (worn)
 k - a +0 pair of boots (worn)
 l - a +0 ring mail
Scrolls
 c - a scroll of blinking
Potions
 e - 2 potions of heal wounds
 f - a potion of cancellation {unknown}
 g - a potion of haste {unknown}
 h - a potion of curing {unknown}
 j - a potion of flight {unknown}


   Skills:
 + Level 4.6 Fighting
 + Level 1.0 Short Blades
 + Level 1.0 Long Blades
 + Level 4.6 Axes
 + Level 1.0 Maces & Flails
 + Level 1.0 Polearms
 + Level 1.0 Staves
 + Level 1.0 Ranged Weapons
 + Level 2.7 Throwing
 + Level 2.7 Armour
 + Level 4.6 Dodging
 + Level 1.0 Stealth
 + Level 1.0 Shields
 + Level 1.0 Unarmed Combat
 + Level 5.0 Spellcasting
 + Level 0.8 Conjurations
 + Level 0.8 Hexes
 + Level 0.8 Summonings
 + Level 0.8 Necromancy
 + Level 5.4 Translocations
 + Level 0.8 Transmutations
 + Level 0.8 Fire Magic
 + Level 0.8 Ice Magic
 + Level 0.8 Air Magic
 + Level 0.8 Earth Magic
 + Level 0.8 Poison Magic
 + Level 1.1 Invocations
 + Level 1.0 Evocations


You had 11 spell levels left.
You knew the following spells:

 Your Spells              Type           Power      Damage    Failure   Level
a - Blink                 Tloc           32%        N/A       3%          2

Your spell library contained the following spells:

 Spells                   Type           Power      Damage    Failure   Level
 Lesser Beckoning         Tloc           32%        N/A       6%          3
 Teleport Other           Tloc           16%        N/A       6%          3
 Vhi's Electric Charge    Tloc/Air       20%        N/A       17%         3
 Cigotuvi's Dreadful Rot  Necr/Pois/Air  10%        N/A       22%         2
 Poisonous Vapours        Pois/Air       10%        N/A       22%         2
 Manifold Assault         Tloc           16%        N/A       22%         4
 Mephitic Cloud           Conj/Pois/Air  5%         N/A       38%         3


Dungeon Overview and Level Annotations

Branches:
Dungeon (3/15)

Altars:

Shops:
D:1 (


Innate Abilities, Weirdness & Mutations

You have very sharp teeth.
Your uncanny sense of smell can sniff out nearby items.
Your experience applies equally to all skills.


Message History

Found a pair of boots.
Found a ring mail.
You see here a +0 pair of boots.
You start putting on your armour.
You continue putting on your +0 pair of boots. x4
You finish putting on your +0 pair of boots.
Found a stone staircase leading up.
Found a scroll of identify.
An orc comes into view.
It is wielding a +0 falchion of protection.
An orc comes into view. It is wielding a +0 flail.
The orc shouts!
You hear a shout!
An orc comes into view. It is wielding a +0 flail.
You see here a +0 ring mail.
You start removing your armour.
You continue taking off your +0 leather armour. x3
The orc hits you with a +0 falchion of protection.
You continue taking off your +0 leather armour.
The orc closely misses you.
You finish taking off your +0 leather armour.
You hit the orc but do no damage. The orc barely misses you.
You hit the orc but do no damage. The orc hits you but does no damage.
You hit the orc but do no damage. x2
The orc hits you with a +0 falchion of protection.
The orc hits you with a +0 flail.
You hit the orc.
The orc is moderately wounded.
You hit the orc. The orc closely misses you. x2
You closely miss the orc.
The orc is moderately wounded.
You barely miss the orc. The orc closely misses you. The orc misses you.
You slash the orc!
You kill the orc!
You hit the orc. The orc hits you with a +0 flail!
* * * LOW HITPOINT WARNING * * *
The orc barely misses you.
Things that are here:
a +0 falchion of protection; a +0 ring mail; an orc corpse An orc priest comes into view.
It is wielding a +0 club.
The orc hits you with a +0 flail!
You die...

####.#### .......# #
#.......# .o....# .#
#.......# .....##. ∆
#.......# .?..#.
#.......# ....
#.......## ..#
#........#######.#
#...)..........)@#
####.#.........o.#
#.###..#####.......#
#<..............####
######.#####.####
#.. <.# #... ...#
#########


You could see an orc priest and an orc.

Vanquished Creatures
  2 adders (D:2)
  A dart slug (D:2)
  An orc (D:3)
  4 endoplasms
  3 giant cockroaches
  4 goblins
  3 hobgoblins
  2 quokkas (D:2)
  2 ball pythons (D:1)
  4 bats
  2 frilled lizards
  6 kobolds (D:2)
  4 rats
38 creatures vanquished.

Notes
Turn   | Place    | Note
-------+----------+-------------------------------------------
     0 | D:1      | purpskrrrp the Gnoll Warper began the quest for the Orb.
     0 | D:1      | Reached XP level 1. HP: 20/20 MP: 6/6
   181 | D:1      | Found Ozullaq's Weapon Boutique.
   437 | D:1      | Reached XP level 2. HP: 24/26 MP: 7/7
  1027 | D:2      | Learned a level 2 spell: Blink
  1051 | D:2      | Reached skill level 5 in Spellcasting
  1051 | D:2      | Reached XP level 3. HP: 26/31 MP: 7/9
  1379 | D:2      | Reached skill level 1 in Invocations
  1516 | D:2      | Reached skill level 1 in Short Blades
  1516 | D:2      | Reached skill level 1 in Long Blades
  1516 | D:2      | Reached skill level 1 in Maces & Flails
  1516 | D:2      | Reached skill level 1 in Polearms
  1516 | D:2      | Reached skill level 1 in Staves
  1516 | D:2      | Reached skill level 1 in Ranged Weapons
  1516 | D:2      | Reached skill level 1 in Stealth
  1516 | D:2      | Reached skill level 1 in Shields
  1516 | D:2      | Reached skill level 1 in Unarmed Combat
  1516 | D:2      | Reached skill level 1 in Evocations
  1987 | D:3      | Reached XP level 4. HP: 19/38 MP: 11/11
  2021 | D:3      | Mangled by an orc

Illustrated notes

Levels and vault maps discovered:
D:1:      dpeg_arrival_windows_large_door, layout_loops_cross, serial_shops,
          nicolae_shop_advertising_works [nicolae_subvault_shop_adworks],
          hangedman_decor_clover_reticule, kennysheep_crisscross
D:2:      layout_loops_ring, minmay_vboxes
D:3:      layout_loops_cross, nicolae_overflow_two_pavilions

Skill      XL: |  1  2  3 |
---------------+----------+-----
Spellcasting   | 5 |  5.0
Invocations    | 1 |  1.1
Short Blades   | 1 |  1.0
Long Blades    | 1 |  1.0
Maces & Flails | 1 |  1.0
Polearms       | 1 |  1.0
Staves         | 1 |  1.0
Ranged Weapons | 1 |  1.0
Stealth        | 1 |  1.0
Shields        | 1 |  1.0
Unarmed Combat | 1 |  1.0
Evocations     | 1 |  1.0
Fighting       | |  4.6
Axes           | |  4.6
Throwing       | |  2.7
Armour         | |  2.7
Dodging        | |  4.6
Conjurations   | |  0.8
Hexes          | |  0.8
Summonings     | |  0.8
Necromancy     | |  0.8
Translocations | |  5.4
Transmutations | |  0.8
Fire Magic     | |  0.8
Ice Magic      | |  0.8
Air Magic      | |  0.8
Earth Magic    | |  0.8
Poison Magic   | |  0.8

Action                   |  1- 3 |  4- 6 || total
-------------------------+-------+-------++-------
Melee: Hand axe          |   139 |     8 ||   147
       Bite              |     4 |       ||     4
Throw: Boomerang         |     1 |       ||     1
  Use: Scroll            |     4 |       ||     4
 Stab: Sleeping          |     2 |       ||     2
Armor: Leather armour    |    36 |       ||    36
       Skin              |       |     1 ||     1
Dodge: Dodged            |    80 |     8 ||    88

Table legend: (Time is in decaauts)
 A = Elapsed time spent in this place.
 B = Non-inter-level travel time spent in this place.
 C = Inter-level travel time spent in this place.
 D = Time resting spent in this place.
 E = Time spent auto-exploring this place.
 F = Levels seen in this place.
 G = Mean time per level.
                   A        B        C        D        E       F      G
               +--------+--------+--------+--------+--------+-----+--------+
         Total |   2031 |   1991 |     40 |    260 |   1322 |   3 |  677.0 |
       Dungeon |   2031 |   1991 |     40 |    260 |   1322 |   3 |  677.0 |
               +--------+--------+--------+--------+--------+-----+--------+

Top non-repeatable levels by time:
     D:2: 1287 daAuts
     D:1: 701 daAuts
     D:3: 42 daAuts
